 Dungeon Crawl Stone Soup version 0.19.0-24-gb05acd6 (webtiles) character file.

466 equalderp2856 the Scratcher (level 6, -3/28 HPs)
             Began as a Felid Fighter on Nov 21, 2016.
             Killed from afar by an orc wizard (10 damage)
             ... with a magic dart
             ... on level 5 of the Dungeon.
             The game lasted 00:13:37 (4852 turns).

equalderp2856 the Scratcher (Felid Fighter)         Turns: 4852, Time: 00:13:38

Health: -3/28      AC:  2    Str: 13    XL:     6   Next: 81%
Magic:  7/7        EV: 21    Int:  9    God:
Gold:   370        SH:  0    Dex: 17    Spells: 0 memorised, 5 levels left
                                        Lives:  0   Deaths: 1

rFire  . . .     SeeInvis +       - Unarmed
rCold  . . .     Gourm    .     (armour unavailable)
rNeg   . . .     Faith    .     (shield unavailable)
rPois  .         Spirit   .     (helmet unavailable)
rElec  .         Reflect  .     (cloak unavailable)
rCorr  .         Harm     .     (gloves unavailable)
MR     .....                    (boots unavailable)
Stlth  ++........               (no amulet)
                                r - ring of see invisible
                                k - ring of loudness (curse)

@: quick
A: no armour, no weapons or thrown items, stealth, claws 1, fangs 3, see
invisible, carnivore 3, speed 1, shaggy fur 2, slow metabolism 1, sharp paws
a: no special abilities


You were on level 5 of the Dungeon.
You were very full.

You visited 1 branch of the dungeon, and saw 5 of its levels.

You collected 370 gold pieces.

Inventory:

Missiles
 f - 15 poisoned needles
 j - 62 arrows
Jewellery
 k - a cursed ring of loudness (left paw)
 r - a ring of see invisible (right paw)
Scrolls
 c - 3 scrolls of teleportation {unknown}
 e - 4 scrolls of identify {unknown}
 g - 3 scrolls of enchant weapon {unknown}
 h - a scroll of magic mapping {unknown}
 o - 2 scrolls of fear {unknown}
 p - a scroll of remove curse {unknown}
 u - a scroll of blinking {unknown}
 w - a scroll of fog {unknown}
Potions
 a - a potion of might
 d - a potion of ambrosia {unknown}
 l - a potion of flight
 m - a potion of haste {unknown}
 n - 4 potions of brilliance {unknown}
 s - a potion of curing {unknown}
 t - a potion of agility
 v - a potion of heal wounds {unknown}
Comestibles
 b - 3 meat rations
 i - 4 bread rations
 q - 2 royal jellies


   Skills:
 + Level 4.0 Fighting
 + Level 5.9 Dodging
 + Level 2.4 Stealth
 + Level 7.0 Unarmed Combat


You had 5 spell levels left.
You didn't know any spells.

Dungeon Overview and Level Annotations

Branches:
Dungeon (5/15)             Temple (0/1) D:4

Altars:
Hepliaklqana
Makhleb
Qazlal
Yredelemnul
Zin
The Shining One


Innate Abilities, Weirdness & Mutations

You cannot wear armour.
You are incapable of wielding weapons or throwing items.
Your paws allow you to move quietly. (Stealth)
You have sharp claws.
You have razor-sharp teeth.
You have supernaturally acute eyesight. (SInv)
You are carnivorous and can eat meat at any time.
You cover ground quickly.
You are covered in thick fur. (AC +2)
You have a slow metabolism.
Your sharp claws are effective at attacking unaware monsters.


Message History

You scratch the orc wizard. You bite the orc wizard.
The orc wizard is heavily wounded.
The orc wizard hits you but does no damage.
The orc wizard closely misses you.
You claw the orc wizard!
The orc wizard is almost dead.
The orc wizard closely misses you. The orc wizard misses you.
You scratch the orc wizard.
You kill the orc wizard!
Your Unarmed Combat skill increases to level 7!
The orc wizard hits you with a dagger.
You closely miss the orc wizard.
The orc wizard casts a spell.
The orc wizard blinks!
The orc wizard gestures at you while chanting.
The magic dart hits you!
* * * LOW HITPOINT WARNING * * *
The orc wizard casts a spell at you. The magic dart hits you!
You die...

# #........ #.
#........ .#
##....... #.#
###.....#
#..###.....####
###..#).o.......#
#......o###.......#
##.....## #........
##...@.# ##...###.
#.##...## ...# #.
#.o..# ...# #
##...## ...# ##...#
#..# #...## ..#
##...##..##
##...#...# #
#.......# #


You could see an orc wizard and 2 orcs.

Vanquished Creatures
  A black bear (D:4)
  An orc priest (D:3)
  5 orc wizards
  Ijyb (D:2)
  2 worker ants (D:4)
  Natasha (thrice) (D:2)
  An adder (D:2)
  An ooze (D:3)
  5 dart slugs
  4 leopard geckos
  8 orcs
  5 giant cockroaches
  5 hobgoblins
  2 jackals (D:3)
  6 kobolds
  A quokka (D:3)
  2 ball pythons
  6 bats
  6 frilled lizards
  7 goblins
  A quokka skeleton (D:4)
  8 rats
81 creatures vanquished.

Notes
Turn   | Place    | Note
-------+----------+-------------------------------------------
     0 | D:1      | equalderp2856 the Felid Fighter began the quest for the Orb.
     0 | D:1      | Reached XP level 1. HP: 10/10 MP: 2/2
   122 | D:1      | Reached XP level 2. HP: 8/14 MP: 3/3
   940 | D:2      | Reached XP level 3. HP: 13/17 MP: 4/4
   949 | D:2      | Found a hazy altar of Hepliaklqana.
   949 | D:2      | Found a basalt altar of Yredelemnul.
   955 | D:2      | Found a burning altar of Makhleb.
   982 | D:2      | Found a faded altar of an unknown god.
   984 | D:2      | Noticed Ijyb
  1002 | D:2      | Killed Ijyb
  1234 | D:2      | Noticed Natasha
  1240 | D:2      | Killed Natasha
  1240 | D:2      | Reached skill level 5 in Unarmed Combat
  1240 | D:2      | Reached XP level 4. HP: 11/21 MP: 5/5
  1398 | D:2      | Noticed Natasha
  1405 | D:2      | Slain by Natasha
  1406 | D:2      | Reached XP level 3. HP: -1/17 MP: 4/4
  1548 | D:2      | Killed Natasha
  1628 | D:2      | Found a glowing silver altar of Zin.
  1751 | D:2      | Reached skill level 1 in Stealth
  1751 | D:2      | Reached XP level 4. HP: 17/21 MP: 5/5
  1791 | D:2      | Noticed Natasha
  1820 | D:2      | Killed Natasha
  2468 | D:3      | Reached skill level 5 in Dodging
  2468 | D:3      | Reached XP level 5. HP: 18/24 MP: 6/6
  2478 | D:3      | Reached skill level 6 in Unarmed Combat
  3847 | D:4      | Gained mutation: You are covered in thick fur. (AC +2) [Felid growth]
  3847 | D:4      | Reached XP level 6. HP: 27/28 MP: 7/7
  3929 | D:4      | Found a staircase to the Ecumenical Temple.
  4033 | D:4      | Found a stormy altar of Qazlal.
  4277 | D:5      | Entered Level 5 of the Dungeon
  4644 | D:5      | Found a faded altar of an unknown god.
  4644 | D:5      | Found a faded altar of an unknown god.
  4652 | D:5      | Found a faded altar of an unknown god.
  4655 | D:5      | Found a faded altar of an unknown god.
  4657 | D:5      | Found a glowing golden altar of the Shining One.
  4849 | D:5      | Reached skill level 7 in Unarmed Combat
  4852 | D:5      | Killed from afar by an orc wizard

Skill      XL: |  1  2  3  4  5  6 |
---------------+-------------------+-----
Unarmed Combat | 5 6 7 |  7.0
Stealth        | 1 2 |  2.4
Dodging        | 5 |  5.9
Fighting       | 4 |  4.0

Action                   |  1- 3 |  4- 6 || total
-------------------------+-------+-------++-------
Melee: Unarmed           |    93 |   157 ||   250
       Bite              |     7 |    17 ||    24
       Punch             |     2 |     4 ||     6
  Use: Potion            |       |     1 ||     1
 Stab: Sleeping          |     1 |     2 ||     3
  Eat: Chunk             |    10 |     7 ||    17
Armor: Skin              |     5 |     4 ||     9
Dodge: Dodged            |    85 |   133 ||   218
